 Dungeon Crawl Stone Soup version 0.21-a0-513-gdcb3f5e (webtiles) character file.

1194 Gerstahl the Skirmisher (level 8, 0/64 HPs)
             Began as a Demonspawn Gladiator on Dec 1, 2017.
             Killed by divine providence
             ... invoked by an orc priest
              (12 damage)
             ... on level 6 of the Dungeon.
             The game lasted 00:09:27 (7201 turns).

Gerstahl the Skirmisher (Demonspawn Gladiator)      Turns: 7201, Time: 00:09:28

Health: 0/64       AC:  4    Str: 15    XL:     8   Next: 20%
Magic:  8/8        EV: 19    Int: 10    God:
Gold:   493        SH:  0    Dex: 21    Spells: 7/7 levels left

rFire    . . .     SeeInvis .   a - +0 rapier
rCold    . . .     Gourm    .   (no shield)
rNeg     . . .     Faith    .   b - +0 leather armour
rPois    .         Spirit   .   (helmet restricted)
rElec    .         Reflect  .   (no cloak)
rCorr    .         Harm     .   u - +0 pair of gloves
MR       .....                  (no boots)
Stlth    +++.......             (no amulet)
HPRegen  0.20/turn              (no ring)
MPRegen  0.11/turn              (no ring)

@: agile
A: antennae 1, claws 1, demonic guardian 1, powered by pain 2
a: no special abilities


You were on level 6 of the Dungeon.
You were not hungry.

You visited 2 branches of the dungeon, and saw 7 of its levels.

You collected 493 gold pieces.

Inventory:

Hand Weapons
 a - a +0 rapier (weapon)
Missiles
 d - 2 throwing nets (quivered)
Armour
 b - a +0 leather armour (worn)
 c - a +0 helmet
 u - a +0 pair of gloves (worn)
Jewellery
 t - an uncursed ring of ice {unknown}
 C - a +2 ring of dexterity {unknown}
 D - an uncursed ring of magical power {unknown}
 H - the ring "Dehoz" {*Tele Dex+2, unknown}
   (You found it on level 5 of the Dungeon)

   [ring of teleportation]

   It may teleport you next to monsters.
   It affects your dexterity (+2).
Wands
 x - a wand of paralysis (9)
 z - a wand of polymorph (7)
 B - a wand of disintegration (9)
 J - a wand of enslavement (10)
Scrolls
 e - 11 scrolls of identify {unknown}
 g - 2 scrolls of random uselessness {unknown}
 h - 4 scrolls of teleportation {unknown}
 i - 5 scrolls of amnesia {unknown}
 l - a scroll of fog {unknown}
 q - 2 scrolls of remove curse {unknown}
 s - a scroll of enchant armour {unknown}
 v - 3 scrolls of enchant weapon {unknown}
 E - a scroll of fear {unknown}
 F - 2 scrolls of magic mapping {unknown}
Potions
 j - 2 potions of magic
 k - a potion of agility
 m - a potion of degeneration {unknown}
 n - a potion of resistance {unknown}
 o - 2 potions of haste {unknown}
 p - 2 potions of berserk rage {unknown}
 w - a potion of flight {unknown}
 A - a potion of might {unknown}
Books
 y - a book of Flames

   Spells                             Type                      Level
   a - Flame Tongue                   Conjuration/Fire             1
   b - Throw Flame                    Conjuration/Fire             2
   c - Conjure Flame                  Conjuration/Fire             3
   d - Inner Flame                    Hexes/Fire                   3
   e - Sticky Flame                   Conjuration/Fire             4
   f - Fireball                       Conjuration/Fire             5
 I - a book of Callings

   Spells                             Type                      Level
   a - Summon Small Mammal            Summoning                    1
   b - Call Imp                       Summoning                    2
   c - Call Canine Familiar           Summoning                    3
   d - Summon Guardian Golem          Hexes/Summoning              3
   e - Summon Lightning Spire         Summoning/Air                4
   f - Summon Ice Beast               Ice/Summoning                4
Comestibles
 f - 4 bread rations
 r - 3 meat rations
 G - a royal jelly


   Skills:
 + Level 6.2 Fighting
 + Level 6.1 Short Blades
 - Level 1.7 Throwing
 + Level 2.9 Armour
 + Level 4.1 Dodging


You had 7 spell levels left.
You didn't know any spells.

Dungeon Overview and Level Annotations

Branches:
Dungeon (6/15)             Temple (1/1) D:4

Altars:
Ashenzari
Cheibriados
Dithmenos
Elyvilon
Fedhas
Gozag
Hepliaklqana
Kikubaaqudgha
Makhleb
Nemelex Xobeh
Qazlal
Trog
Vehumet
Xom
Yredelemnul
Zin
The Shining One

Annotations:
D:4 Eustachio


Innate Abilities, Weirdness & Mutations

You have a pair of small antennae on your head.
You have sharp fingernails.
A weak demonic guardian rushes to your aid.
You sometimes gain power by taking damage.


Message History

Your quasit closely misses something.
Your quasit claws something but does no damage.
You miss something. Your quasit misses something.
Your quasit closely misses something. x2
Something hits you but does no damage.
You puncture something!
Your quasit disappears in a puff of smoke!
Something completely misses you.
You miss something.
The orc priest invokes the aid of Beogh against you.
Beogh smites you!
* * * LOW HITPOINT WARNING * * *
Something barely misses you.
You completely miss something. Something barely misses you.
You closely miss something. You barely miss something.
Something barely misses you.
You barely miss something. Something hits you but does no damage.
The orc priest invokes the aid of Beogh against you.
Beogh smites you!
You die...

###########.#.......#
#.#
#.........#.######..#
#.#
..####.####......#..#
#.# ####.#.#
######.#..# #.#
...#...# #|#..# #.#
.#.#.#### #.#..# #.#
.#......# #.#..# #.#
##......# #.#..# #.#
.......|# #@#..# #.#
####.#### #####{#..#
#.# ...#.# #....o...#
#.# .#.#.# #.#.#.#..#
#.# .'..<# #.....)..#
#.# .#.### #.#.#.#..#
#.# .#..# #........#
#.#
###.########.#.#.#..#
#.#
..#.##.....#........#
#.#


You could see an orc priest.

Vanquished Creatures
  A phantom (D:4)
  2 ogres
  A bullfrog (D:6)
  2 scorpions (D:5)
  2 crimson imps (D:6)
  An orc priest (D:6)
  A gnoll shaman (D:5)
  2 hounds
  3 orc wizards
  A bullfrog skeleton (D:6)
  A worker ant (D:6)
  A worker ant zombie (D:5)
  8 gnolls
  5 adders
  A shadow imp (D:5)
  An adder zombie (D:6)
  2 adder skeletons
  6 worms
  2 dart slugs
  2 leopard geckos
  7 orcs
  7 bats
  4 giant cockroaches
  6 goblins
  12 hobgoblins
  11 jackals
  8 kobolds
  7 quokkas
  A ball python (D:4)
  4 frilled lizards
  A leopard gecko zombie (D:5)
  A quokka skeleton (D:5)
  3 rats (D:1)
117 creatures vanquished.

Vanquished Creatures (collateral kills)
  A troll (D:5)
  An ogre (D:3)
  An orc (D:6)
3 creatures vanquished.

Grand Total: 120 creatures vanquished

Notes
Turn   | Place    | Note
-------+----------+-------------------------------------------
     0 | D:1      | Gerstahl the Demonspawn Gladiator began the quest for the Orb.
     0 | D:1      | Reached XP level 1. HP: 16/16 MP: 1/1
     6 | D:1      | Noticed a redback
     6 | D:1      | Noticed a water moccasin
     6 | D:1      | Noticed a wyvern
     6 | D:1      | Noticed a komodo dragon
    82 | D:1      | Gained mutation: You sometimes gain a little power by taking damage. [demonic ancestry]
    82 | D:1      | Reached XP level 2. HP: 4/23 MP: 2/2
   784 | D:2      | Gained mutation: You sometimes gain power by taking damage. [demonic ancestry]
   784 | D:2      | Reached XP level 3. HP: 18/28 MP: 3/3
  1021 | D:2      | Found a shimmering altar of Xom.
  1288 | D:2      | Found an opulent altar of Gozag.
  1724 | D:2      | Gained mutation: A weak demonic guardian rushes to your aid. [demonic ancestry]
  1724 | D:2      | Reached XP level 4. HP: 14/35 MP: 4/4
  2382 | D:3      | Noticed an ogre
  2392 | D:3      | Killed an ogre
  2812 | D:3      | Reached XP level 5. HP: 24/42 MP: 5/5
  3211 | D:4      | Noticed an ogre
  3216 | D:4      | Killed an ogre
  3482 | D:4      | Found a staircase to the Ecumenical Temple.
  3555 | D:4      | Gained mutation: You have a pair of small antennae on your head. [demonic ancestry]
  3555 | D:4      | Reached XP level 6. HP: 34/49 MP: 6/6
  3594 | Temple   | Entered the Ecumenical Temple
  4202 | D:4      | Reached skill level 5 in Fighting
  4202 | D:4      | Reached skill level 5 in Short Blades
  4625 | D:4      | Noticed Eustachio
  4756 | D:5      | Entered Level 5 of the Dungeon
  5191 | D:5      | Reached skill level 1 in Armour
  5201 | D:5      | Gained mutation: You have sharp fingernails. [demonic ancestry]
  5201 | D:5      | Reached XP level 7. HP: 25/56 MP: 7/7
  5421 | D:5      | Found a stormy altar of Qazlal.
  5585 | D:5      | Found a bloodstained altar of Trog.
  5622 | D:5      | Got a scintillating ivory ring
  5667 | D:5      | Noticed a troll
  5673 | D:5      | Killed a troll
  5675 | D:5      | Found a blossoming altar of Fedhas.
  5677 | D:5      | Found a basalt altar of Yredelemnul.
  5943 | D:5      | Found a glowing silver altar of Zin.
  6702 | D:6      | Found a sparkling altar of Nemelex Xobeh.
  6735 | D:6      | Reached XP level 8. HP: 50/64 MP: 8/8
  7201 | D:6      | Killed from afar by an orc priest

Vault maps used:
D:1:      onia_arrival_zoo_common
D:2:      nicolae_gozag_seed_capital, old_standard_altar
D:3:      first_bread, minmay_quantized
D:4:      minmay_temple_entry_grid, uniq_eustachio
D:5:      marbit_many_paths, minitemple, kennysheep_little_box,
          hangedman_minor_gate_pass
D:6:      lemuel_round_altar, lemuel_round_altar,
          nicolae_overflow_crystal_walls, serial_co_window_serial,
          co_window_of_opportunity_a, co_window_corner_a, co_window_corner_a,
          co_window_of_opportunity_a, co_window_of_opportunity_a,
          co_window_of_opportunity_a, co_window_paths_a, co_window_paths_c,
          co_window_broadway_b, co_window_corner_cb, co_window_paths_e,
          glass_columns_a, glass_columns_b, glass_columns_b
Temple:   jpeg_temple_island

Skill      XL: |  1  2  3  4  5  6  7  8 |
---------------+-------------------------+-----
Short Blades   | 3 4 5 6 |  6.1
Fighting       | 3 4 5 6 |  6.2
Dodging        | 3 4 |  4.1
Armour         | 1 2 |  2.9
Throwing       | |  1.7

Action                   |  1- 3 |  4- 6 |  7- 9 || total
-------------------------+-------+-------+-------++-------
Melee: Rapier            |   132 |   229 |   184 ||   545
Throw: Throwing net      |       |     2 |       ||     2
Evoke: Wand              |       |       |     4 ||     4
  Use: Potion            |       |       |     2 ||     2
 Stab: Sleeping          |       |     1 |       ||     1
       Distracted        |       |     1 |     2 ||     3
  Eat: Chunk             |     1 |     6 |     6 ||    13
       Royal jelly       |       |     1 |       ||     1
       Meat ration       |       |     1 |       ||     1
Armor: Leather armour    |    30 |    46 |    26 ||   102
Dodge: Dodged            |    92 |   119 |    97 ||   308

Table legend:
 A = Spawn XP
 B = Non-spawn XP
 C = Spawn XP percentage of total XP
 D = Spawn monster count
 E = Non-spawn monster count
 F = Spawn count percentage of total count
 G = Total turns spent on level
                    A         B        C        D         E        F      G
               +---------+---------+-------+---------+---------+-------+---------
         Total |       0 |    1707 |   0.0 |       0 |     120 |   0.0 |  7201
               +---------+---------+-------+---------+---------+-------+---------
           D:1 |       0 |      39 |   0.0 |       0 |      22 |   0.0 |   650
           D:2 |       0 |      62 |   0.0 |       0 |      16 |   0.0 |  1432
           D:3 |       0 |     120 |   0.0 |       0 |      19 |   0.0 |  1036
           D:4 |       0 |     372 |   0.0 |       0 |      20 |   0.0 |  1419
           D:5 |       0 |     614 |   0.0 |       0 |      25 |   0.0 |  1648
           D:6 |       0 |     500 |   0.0 |       0 |      18 |   0.0 |   797
               +---------+---------+-------+---------+---------+-------+---------
